 Dungeon Crawl Stone Soup version 0.31-a0-986-g5e6e4ef867 (webtiles) character file.

Game seed: 15949660717132640317

151 BigDaddyOpFi the Chopper (level 5, -11/48 HPs)
             Began as a Hill Orc Monk on Nov 14, 2023.
             Mangled by an ogre
             ... wielding a +0 giant club
              (19 damage)
             ... on level 4 of the Dungeon.
             The game lasted 00:01:57 (2970 turns).

BigDaddyOpFi the Chopper (Hill Orc Monk)            Turns: 2970, Time: 00:01:58

Health: -11/48     AC:  3    Str: 16    XL:     5   Next: 33%
Magic:  5/5        EV: 13    Int: 10    God:
Gold:   243        SH:  0    Dex: 13    Spells: 4/4 levels left

rFire   x . .        a - +0 hand axe
rCold   + . .        d - orb {light}
rNeg    . . .        b - +0 robe
rPois   .            (no helmet)
rElec   .            (no cloak)
rCorr   +            (no gloves)
SInv    .            v - +0 pair of boots
Will    .....        (no amulet)
Stlth   +            m - ring of resist corrosion
HPRegen 0.28/turn    u - ring of ice
MPRegen 0.09/turn

%: no passive effects
@: glowing
A: no striking features
a: no special abilities


You were on level 4 of the Dungeon.
You visited 1 branch of the dungeon, and saw 4 of its levels.

You collected 243 gold pieces.

Inventory:

Hand Weapons
 a - a +0 hand axe (weapon)
Armour
 b - a +0 robe (worn)
 d - an orb of light (worn)
 v - a +0 pair of boots (worn)
Jewellery
 e - a +4 ring of protection
 m - a ring of resist corrosion (left hand)
 u - a ring of ice (right hand)
Wands
 o - a wand of flame (4)
Scrolls
 g - 2 scrolls of noise
 h - 5 scrolls of identify
 i - a scroll of summoning {unknown}
 j - a scroll of teleportation {unknown}
 q - a scroll of vulnerability {unknown}
 r - a scroll of amnesia
 s - a scroll of enchant armour {unknown}
Potions
 c - a potion of ambrosia
 f - a potion of lignification {unknown}
 k - a potion of berserk rage {unknown}
 l - a potion of magic {unknown}
 n - 2 potions of curing
 p - a potion of mutation {unknown}
 t - a potion of heal wounds {unknown}


   Skills:
 + Level 5.1 Fighting
 + Level 5.4 Axes
 + Level 3.3 Dodging


You had 4 spell levels left.
You didn't know any spells.
Your spell library contained the following spells:

 Spells                   Type           Power      Damage    Failure   Level
 Sting                    Tmut/Pois      0%         1d3       36%         1
 Blink                    Tloc           0%         N/A       50%         2
 Hailstorm                Conj/Ice       0%         3d3       75%         3
 Manifold Assault         Tloc           0%         N/A       98%         4
 Summon Ice Beast         Ice/Summ       0%         N/A       98%         4
 Simulacrum               Ice/Necr       0%         N/A       100%        6


Dungeon Overview and Level Annotations

Branches:
Dungeon (4/15)
 Temple: D:4-7

Altars:
Gozag
Xom


Message History

The endoplasm freezes you.
You are frozen.
You resist. The iguana bites you!
You hit the iguana but do no damage.
The iguana is moderately wounded.
You hit the endoplasm.
You kill the endoplasm!
You hit the ogre. The iguana bites you. The ogre misses you.
You hit the iguana but do no damage.
The iguana is moderately wounded.
You completely miss the phantom. You hit the ogre. The iguana misses you.
The phantom misses you. The ogre barely misses you.
You hit the iguana.
The iguana is heavily wounded.
You hit the ogre. You hit the phantom but do no damage.
The iguana closely misses you. The phantom barely misses you.
You hit the iguana.
The iguana is severely wounded.
You hit the ogre. You closely miss the phantom. The iguana barely misses you.
The phantom hits you. The ogre barely misses you.
You hit the iguana but do no damage.
The iguana is severely wounded.
You closely miss the phantom. You hit the ogre. The iguana closely misses you.
The phantom closely misses you.
The ogre hits you with a +0 giant club!!
You are too injured to fight recklessly!
You are too injured to fight recklessly!
It was a potion of curing.
You feel better. The iguana barely misses you. The phantom hits you.
As you read the scroll labelled VIGGIY MERHEM, it crumbles to dust.
It is a scroll of identify.
g - 2 scrolls of noise The ogre closely misses you.
The iguana bites you.
The phantom hits you but does no damage.
As you read the scroll labelled OHYIRRAO ARHOI, it crumbles to dust.
It is a scroll of amnesia.
You feel forgetful for a moment. The iguana bites you!
* * * LOW HITPOINT WARNING * * *
The phantom misses you.
The ogre hits you with a +0 giant club!!
You die...

##.... #~~~~~# #..
~~...~~ #....
≈...°.~ #...
~.○○..~ #...
~.....~ #...
###l~...~~
##'###.@WS~~≈≈.
#.......O..#...
#..........'...
######'###.#####...
#.......##.##..# ..
#.......#...#..# .
#.......#...#..#
#.).....#...#..#
#..)....#...+.>#


You could see an ogre, a phantom, an iguana and an adder.

Vanquished Creatures
  3 gnolls (D:4)
  6 adders
  2 adder skeletons (D:2)
  3 dart slugs
  An orc (D:3)
  8 endoplasms
  2 giant cockroaches (D:2)
  2 hobgoblins
  A quokka (D:1)
  6 ball pythons
  3 bats
  4 frilled lizards
  6 goblins
  5 kobolds
  A quokka skeleton (D:2)
  6 rats
59 creatures vanquished.

Vanquished Creatures (others)
  An orc (D:4)
1 creature vanquished.

Grand Total: 60 creatures vanquished

Notes
Turn   | Place    | Note
-------+----------+-------------------------------------------
     0 | D:1      | BigDaddyOpFi the Hill Orc Monk began the quest for the Orb.
     0 | D:1      | Reached XP level 1. HP: 19/19 MP: 1/1
   171 | D:1      | Reached XP level 2. HP: 26/27 MP: 2/2
   625 | D:1      | Found a faded altar of an unknown god.
   633 | D:1      | Got Plato's Parchment of the Gestalt
   936 | D:2      | Reached XP level 3. HP: 23/33 MP: 3/3
  1140 | D:2      | Found an opulent altar of Gozag.
  1155 | D:2      | Identified the +0 robe of Mezcal {rPois rF+}
  1352 | D:2      | Reached XP level 4. HP: 40/40 MP: 4/4
  1425 | D:2      | Reached skill level 5 in Axes
  2488 | D:3      | Reached XP level 5. HP: 44/47 MP: 5/5
  2894 | D:4      | Reached skill level 5 in Fighting
  2955 | D:4      | Found a shimmering altar of Xom.
  2957 | D:4      | Noticed an ogre
  2957 | D:4      | Noticed a phantom
  2970 | D:4      | Mangled by an ogre

Illustrated notes

Levels and vault maps discovered:
D:1:      lemuel_arrival_cross, layout_basic,
          shapermc_ecumenical_altar_rom_forum, minmay_pentomino_x2
D:2:      minmay_diamond_boxcup, layout_loops_corners, serial_undead,
          serial_undead_b, serial_undead_f, serial_undead_a, serial_undead_a,
          basic_altar
D:3:      minmay_recursive_quarters, layout_basic, guppyfry_early_lair_pool
D:4:      layout_gridville, xom_confusion_cloud, serial_glass, glass_columns_a,
          glass_columns_b, glass_columns_a, glass_columns_a, glass_columns_b,
          glass_columns_c

Skill      XL: |  1  2  3  4  5 |
---------------+----------------+-----
Fighting       | 4 5 |  5.1
Dodging        | 3 |  3.3
Axes           | 5 |  5.4

Action                     |  1- 3 |  4- 6 || total
---------------------------+-------+-------++-------
  Melee: Hand axe          |    79 |    86 ||   165
    Use: Scroll            |       |     2 ||     2
         Potion            |       |     1 ||     1
 Armour: Robe              |    39 |    46 ||    85
  Dodge: Dodged            |    55 |    67 ||   122

Table legend: (Time is in decaauts)
 A = Elapsed time spent in this place.
 B = Non-inter-level travel time spent in this place.
 C = Inter-level travel time spent in this place.
 D = Time resting spent in this place.
 E = Time spent auto-exploring this place.
 F = Levels seen in this place.
 G = Mean time per level.
                   A        B        C        D        E       F      G
               +--------+--------+--------+--------+--------+-----+--------+
         Total |   2979 |   2865 |    114 |      0 |   2489 |   4 |  744.8 |
       Dungeon |   2979 |   2865 |    114 |      0 |   2489 |   4 |  744.8 |
               +--------+--------+--------+--------+--------+-----+--------+

Top non-repeatable levels by time:
     D:2: 1064 daAuts
     D:1: 928 daAuts
     D:3: 858 daAuts
     D:4: 127 daAuts
